 Dungeon Crawl Stone Soup version 0.20-a0-1058-g0491fde (webtiles) character file.

1694 JeffiDaFish the Covert (level 8, -2/36 HPs)
             Began as a Spriggan Enchanter on Apr 26, 2017.
             Was a Believer of Kikubaaqudgha.
             Killed from afar by an orc wizard (6 damage)
             ... with a magic dart
             ... on level 7 of the Dungeon.
             The game lasted 00:28:09 (7839 turns).

JeffiDaFish the Covert (Spriggan Enchanter)         Turns: 7839, Time: 00:28:10

Health: -2/36      AC:  6    Str:  7    XL:     8   Next: 72%
Magic:  2/18       EV: 25    Int: 17    God:    Kikubaaqudgha [**....]
Gold:   276        SH:  0    Dex: 18    Spells: 3/20 levels left

rFire    . . .     SeeInvis +   r - +0 rapier
rCold    + . .     Gourm    .   (shield restricted)
rNeg     . . .     Faith    .   b - +2 robe
rPois    .         Spirit   .   (helmet restricted)
rElec    .         Reflect  .   o - +1 cloak
rCorr    .         Harm     .   (gloves unavailable)
MR       +....                  (boots unavailable)
Stlth    ++++++....             (no amulet)
Regen    0.2/turn               u - +3 ring of strength
MPRegen  0.2/turn               h - ring of stealth

@: very slightly contaminated, drained, very quick
A: unfitting armour, talons 1, see invisible, cold resistance 1, herbivore 3,
speed 3, slow metabolism 2
a: Receive Corpses, Renounce Religion


You were on level 7 of the Dungeon.
You worshipped Kikubaaqudgha.
Kikubaaqudgha was pleased with you.
You were not hungry.

You visited 2 branches of the dungeon, and saw 8 of its levels.

You collected 276 gold pieces.

Inventory:

Hand Weapons
 r - a +0 rapier (weapon)
Missiles
 m - 6 curare-tipped needles
Armour
 b - a +2 robe (worn)
 o - a +1 cloak (worn)
Jewellery
 g - an uncursed ring of protection from magic
 h - a ring of stealth (right hand)
 u - a +3 ring of strength (left hand)
Wands
 a - a wand of flame (5/48)
 q - a wand of enslavement (15/24)
Scrolls
 e - 5 scrolls of identify
 j - 2 scrolls of magic mapping
 p - 2 scrolls of fear
 s - a scroll of remove curse
 t - a scroll of blinking
Potions
 f - 3 potions of curing
 i - a potion of heal wounds
 l - a potion of berserk rage
 n - a potion of flight
Books
 c - a book of Maledictions

   Spells                             Type                      Level
   a - Corona                         Hexes                        1
   b - Ensorcelled Hibernation        Hexes/Ice                    2
   c - Confuse                        Hexes                        3
   d - Tukima's Dance                 Hexes                        3
   e - Dazzling Spray                 Conjuration/Hexes            3
 k - Kikubaaqudgha's Papyrus of Sinister Rites
   (Kikubaaqudgha gifted it to you on level 5 of the Dungeon)

   Spells                             Type                      Level
   a - Pain                           Necromancy                   1
   b - Corpse Rot                     Necromancy                   2
   c - Sublimation of Blood           Necromancy                   2
   d - Vampiric Draining              Necromancy                   3
   e - Control Undead                 Necromancy                   4
Comestibles
 d - 5 bread rations


   Skills:
 + Level 5.9(5.4) Short Blades
 * Level 9.6(9.0) Dodging
 * Level 10.3(9.8) Stealth
 * Level 6.5(6.0) Spellcasting
 + Level 1.2(0.8) Conjurations
 + Level 6.5(6.0) Hexes
 * Level 2.1(1.7) Necromancy
 + Level 3.6(3.1) Ice Magic


You had 3 spell levels left.
You knew the following spells:

 Your Spells              Type           Power        Failure   Level  Hunger
a - Corona                Hex            ####...      1%          1    None
b - Ensorcelled Hibernat  Hex/Ice        ###...       2%          2    None
c - Confuse               Hex            ####....     3%          3    ##.....
d - Tukima's Dance        Hex            ####....     3%          3    ##.....
e - Dazzling Spray        Conj/Hex       ###...       10%         3    ##.....
f - Corpse Rot            Necr           N/A          10%         2    None
g - Vampiric Draining     Necr           ##........   19%         3    ##.....


Dungeon Overview and Level Annotations

Branches:
Dungeon (7/15)             Temple (1/1) D:4

Altars:
Ashenzari
Dithmenos
Elyvilon
Fedhas
Gozag
Hepliaklqana
Kikubaaqudgha
Nemelex Xobeh
Okawaru
Qazlal
Ru
Sif Muna
Trog
Uskayaw
Vehumet
Wu Jian
Xom
Yredelemnul
Zin
The Shining One

Annotations:
D:4 tigertrap's ghost, amateur NaAK


Innate Abilities, Weirdness & Mutations

You are very small and have problems with some larger weapons.
You are too small for most types of armour.
You have supernaturally acute eyesight. (SInv)
You are a herbivore.
You cover ground extremely quickly.
You need consume almost no food.
You have sharp toenails.
Your flesh is cold resistant. (rC+)


Message History

Confirm with . or Enter, or press ? or * to list all spells.
You miscast Corpse Rot.
You are very lightly contaminated with residual magic.
Nothing appears to happen.
The orc wizard closely misses you. The orc wizard misses you.
Casting: Corpse Rot
Confirm with . or Enter, or press ? or * to list all spells.
You don't have enough magic to cast that spell.
You hit the orc wizard but do no damage.
The orc wizard is almost dead.
The orc wizard points at you and mumbles some strange words.
The magic dart hits you!
* * * LOW HITPOINT WARNING * * *
Your dagger hits the orc wizard. You hit the orc wizard.
The orc wizard is almost dead.
The orc wizard gestures at you while chanting.
The magic dart hits you!
You die...
Kikubaaqudgha rasps: "You have failed me!
Welcome... death!"

.............###.......#
...............#....†#
............##....####
.............##.)##
.............##..#
............###..####
...........## #..#..#
.........### #.†#.##
########## #.@(.# ##o.##
#..# #..## #...# #...#
#...## #....# #....####


You could see an orc wizard and a friendly dagger.

Vanquished Creatures
  Menkaure (D:6)
  An ice beast (D:7)
  A sky beast (D:7)
  An ogre (D:5)
  4 bullfrogs
  A scorpion (D:6)
  A wight (D:7)
  A crimson imp (D:6)
  2 jellies
  A quasit (D:5)
  2 bullfrog skeletons
  2 hounds (D:7)
  An orc priest (D:7)
  An orc wizard (D:5)
  An iguana (D:4)
  3 worker ants
  A hound zombie (D:5)
  A worker ant zombie (D:7)
  5 gnolls (D:5)
  7 adders
  A howler monkey skeleton (D:4)
  A shadow imp (D:6)
  2 oozes
  2 adder skeletons
  A worm (D:4)
  3 dart slugs
  4 leopard geckos
  14 orcs
  7 giant cockroaches
  14 goblins
  14 hobgoblins
  10 jackals
  A quokka (D:5)
  7 bats
  4 frilled lizards
  12 kobolds
  A leopard gecko skeleton (D:6)
  A quokka skeleton (D:5)
  6 rats
  A plant (D:3)
144 creatures vanquished.

Vanquished Creatures (collateral kills)
  7 wights (D:7)
  An orc (D:7)
  A kobold (D:3)
9 creatures vanquished.

Vanquished Creatures (others)
  3 dancing weapons
  A plant (D:3)
4 creatures vanquished.

Grand Total: 157 creatures vanquished

Notes
Turn   | Place    | Note
-------+----------+-------------------------------------------
     0 | D:1      | JeffiDaFish the Spriggan Enchanter began the quest for the Orb.
     0 | D:1      | Reached XP level 1. HP: 9/9 MP: 5/5
   237 | D:1      | Reached XP level 2. HP: 13/13 MP: 6/6
   381 | D:1      | Learned a level 2 spell: Ensorcelled Hibernation
   884 | D:1      | Reached skill level 5 in Stealth
   884 | D:1      | Reached XP level 3. HP: 10/16 MP: 1/8
   892 | D:1      | Learned a level 3 spell: Confuse
  1700 | D:2      | Found a shimmering altar of Xom.
  2344 | D:3      | Found a faded altar of an unknown god.
  2767 | D:3      | Reached skill level 5 in Short Blades
  2767 | D:3      | Reached skill level 9 in Stealth
  2767 | D:3      | Reached skill level 5 in Spellcasting
  2767 | D:3      | Reached skill level 5 in Hexes
  2767 | D:3      | Reached XP level 4. HP: 21/21 MP: 9/12
  2774 | D:3      | Learned a level 3 spell: Tukima's Dance
  2778 | D:3      | Learned a level 3 spell: Dazzling Spray
  3435 | D:4      | Found a staircase to the Ecumenical Temple.
  3436 | D:4      | Reached XP level 5. HP: 23/24 MP: 9/13
  3453 | Temple   | Entered the Ecumenical Temple
  3500 | Temple   | Became a worshipper of Kikubaaqudgha
  3611 | D:4      | Noticed tigertrap's ghost (amateur NaAK)
  4042 | D:4      | Gained mutation: You have sharp toenails. [potion of mutation]
  4042 | D:4      | Gained mutation: Your flesh is cold resistant. (rC+) [potion of mutation]
  4399 | D:5      | Entered Level 5 of the Dungeon
  4401 | D:5      | Reached XP level 6. HP: 28/28 MP: 13/15
  4423 | D:5      | Found a bloodstained altar of Trog.
  4686 | D:5      | Found a basalt altar of Yredelemnul.
  4687 | D:5      | Found a deep blue altar of Sif Muna.
  4687 | D:5      | Found a shadowy altar of Dithmenos.
  4691 | D:5      | Found an iron altar of Okawaru.
  4715 | D:5      | Reached * piety under Kikubaaqudgha
  4715 | D:5      | Identified Kikubaaqudgha's Papyrus of Sinister Rites (Kikubaaqudgha gifted it to you on level 5 of the Dungeon)
  4715 | D:5      | Received a gift from Kikubaaqudgha
  4730 | D:5      | Learned a level 2 spell: Corpse Rot
  4998 | D:5      | Reached XP level 7. HP: 32/32 MP: 8/16
  5008 | D:5      | Learned a level 3 spell: Vampiric Draining
  5347 | D:5      | Reached ** piety under Kikubaaqudgha
  6136 | D:6      | Found a stormy altar of Qazlal.
  6171 | D:6      | Noticed Menkaure
  6177 | D:6      | Reached skill level 1 in Necromancy
  6246 | D:6      | Killed Menkaure
  6246 | D:6      | Reached XP level 8. HP: 36/36 MP: 7/18
  6369 | D:6      | Noticed a cyclops
  6962 | D:7      | Reached skill level 10 in Stealth
  7104 | D:7      | Reached skill level 1 in Conjurations
  7616 | D:7      | Found a hide-covered altar of Uskayaw.
  7616 | D:7      | Noticed a dagger
  7616 | D:7      | Noticed a dagger
  7839 | D:7      | Killed from afar by an orc wizard

Vault maps used:
D:1:      minmay_arrival_arboretum_small, minmay_crystal_water
D:2:      nicolae_overflow_hidden_temple, minmay_misc_feat_ornament
D:3:      chequers_ecumenical_altar_simple, first_bread, lexackson_kobold_supper
D:4:      minmay_temple_entry_statues_fountains
D:5:      corexii_shantytown, chequers_temple_overflow_statue_of_worship,
          lemuel_doored_altar
D:6:      basic_altar, uniq_menkaure
D:7:      dancing_weapons_uskayaw
Temple:   nicolae_temple_god_jail

Skill      XL: |  1  2  3  4  5  6  7  8 |
---------------+-------------------------+-----
Hexes          | 4 5 6 |  6.5
Spellcasting   | 3 5 6 |  6.5
Stealth        | 5 9 10 | 10.3
Short Blades   | 5 |  5.9
Dodging        | 7 8 9 |  9.6
Ice Magic      | 2 3 |  3.6
Necromancy     | 1 2 |  2.1
Conjurations   | 1 |  1.2

Action                   |  1- 3 |  4- 6 |  7- 9 || total
-------------------------+-------+-------+-------++-------
Melee: Dagger            |   161 |   296 |    52 ||   509
       Kick              |       |    18 |    31 ||    49
       Rapier            |       |       |   122 ||   122
 Cast: Corona            |     9 |     1 |       ||    10
       Ensorcelled Hiber |    36 |    19 |    16 ||    71
       Confuse           |       |    10 |     9 ||    19
       Tukima's Dance    |       |     1 |    22 ||    23
       Dazzling Spray    |       |     1 |     3 ||     4
       Corpse Rot        |       |     1 |     2 ||     3
  Use: Potion            |     5 |     5 |       ||    10
       Scroll            |     6 |     8 |     6 ||    20
 Stab: Sleeping          |    24 |    20 |    40 ||    84
       Confused          |       |     6 |     5 ||    11
       Invisible         |       |       |     1 ||     1
  Eat: Bread ration      |       |     1 |     1 ||     2
       Fruit             |       |     1 |       ||     1
Armor: Robe              |    11 |     4 |    10 ||    25
Dodge: Dodged            |   136 |    71 |   115 ||   322
